 Dungeon Crawl Stone Soup version 0.29-a0-275-g389c0b56f3 (webtiles) character file.

Game seed: 4241972870607527691

116 siradein the Bolt Thrower (level 5, -1/45 HPs)
             Began as a Ghoul Hunter on Mar 9, 2022.
             Slain by an orc wizard
             ... wielding a +0 dagger
              (3 damage)
             ... on level 4 of the Dungeon.
             The game lasted 00:05:46 (3182 turns).

siradein the Bolt Thrower (Ghoul Hunter)            Turns: 3182, Time: 00:05:46

Health: -1/45      AC:  3    Str: 16    XL:     5   Next: 0%
Magic:  4/4        EV: 12    Int:  6    God:
Gold:   174        SH:  0    Dex: 11    Spells: 4/4 levels left

rFire   . . .      SeeInvis .   a - +1 hand crossbow
rCold   + . .      Faith    .   (no shield)
rNeg    + + +      Spirit   .   h - +0 leather armour
rPois   ∞          Reflect  .   (no helmet)
rElec   .          Harm     .   (no cloak)
rCorr   .          Rampage  .   (no gloves)
Will    .....                   (no boots)
Stlth   +.........              (no amulet)
HPRegen 0.00/turn               (no ring)
MPRegen 0.09/turn               (no ring)

@: inhibited regen
A: claws 1, cold resistance 1, negative energy resistance 3, inhibited
regeneration, torment resistance 2
a: no special abilities


You were on level 4 of the Dungeon.
You visited 1 branch of the dungeon, and saw 4 of its levels.

You collected 200 gold pieces.
You spent 26 gold pieces at shops.

Inventory:

Hand Weapons
 a - a +1 hand crossbow (weapon)
Armour
 h - a +0 leather armour (worn)
Jewellery
 p - a ring of magical power
Wands
 m - a wand of flame (11)
Scrolls
 c - a scroll of immolation
 f - a scroll of fear
 g - a scroll of blinking {unknown}
 j - a scroll of fog {unknown}
 k - a scroll of enchant weapon {unknown}
 l - a scroll of torment {unknown}
 n - a scroll of enchant armour {unknown}
 q - a scroll of teleportation {unknown}
Potions
 b - 3 potions of curing
 d - a potion of haste
 e - a potion of flight
 i - a potion of might
 o - 2 potions of degeneration {unknown}


   Skills:
 + Level 3.3 Fighting
 * Level 4.6 Crossbows
 + Level 0.1 Armour
 + Level 2.7 Dodging
 - Level 1.1 Stealth


You had 4 spell levels left.
You didn't know any spells.
Your spell library contained the following spells:

 Spells                   Type           Power      Damage    Failure   Level
 Apportation              Tloc           0%         N/A       52%         1
 Alistair's Intoxication  Tmut/Pois      0%         N/A       100%        5


Dungeon Overview and Level Annotations

Branches:
Dungeon (4/15)
 Temple: D:4-7

Altars:
Sif Muna
Vehumet

Shops:
D:2 ?::


Innate Abilities, Weirdness & Mutations

You thrive by killing the living.
You are immune to poison.
You have sharp fingernails.
Your flesh is cold resistant. (rC+)
You are immune to negative energy. (rN+++)
You do not regenerate when monsters are visible.
You are immune to unholy pain and torment.


Message History

You hear some strange, mumbled words.
A magic dart appears from out of thin air!
The magic dart hits you.
You have reached level 5!
You feel stronger.
You shoot a bolt.
Something hits you but does no damage. x2
You shoot a bolt. The bolt barely misses the orc priest.
Something hits you.
You hear some strange, mumbled words.
A puff of flame appears from out of thin air!
The puff of flame hits you. Something hits you but does no damage.
You are too injured to fight recklessly!
You are too injured to fight recklessly!
You are too injured to fight recklessly!
You are too injured to fight recklessly!
Unknown command.
Shoot: a) +1 hand crossbow
Press: ? - help, Q - select action, (/) - cycle Shift-Dir - straight line, f/p - orc priest
Aim: an orc priest, wielding a +0 dagger and wearing a +0 ring mail (heavily wounded, 65% to hit)
You shoot a bolt. The bolt hits the orc priest.
The orc priest is severely wounded.
Something hits you but does no damage. Something hits you.
Shoot: a) +1 hand crossbow
Press: ? - help, Q - select action, (/) - cycle Shift-Dir - straight line, f/p - orc priest
Aim: an orc priest, wielding a +0 dagger and wearing a +0 ring mail (severely wounded, 65% to hit)
You shoot a bolt. The orc hits you with a +0 hand axe.
* * * LOW HITPOINT WARNING * * *
Something hits you.
* * * LOW HITPOINT WARNING * * *
Something hits you.
* * * LOW HITPOINT WARNING * * *
Unknown command.
Shoot: a) +1 hand crossbow
Press: ? - help, Q - select action, (/) - cycle Shift-Dir - straight line, f/p - orc priest
Aim: an orc priest, wielding a +0 dagger and wearing a +0 ring mail (severely wounded, 65% to hit)
You shoot a bolt. The orc hits you with a +0 hand axe.
* * * LOW HITPOINT WARNING * * *
Something hits you.
You die...

.. .. ...
#)#
###.###
#.....#
#o#.#.#
#{#.#>#
#@#.#.#
#{o...#
###.###
##...##
####.###.#
#....# #.#
#.##.###.#
#.###...##
#.# #####


You could see an orc priest and an orc.

Vanquished Creatures
  3 gnolls (D:2)
  2 adders (D:2)
  A dart slug (D:2)
  2 orcs
  5 ball pythons
  6 endoplasms
  3 giant cockroaches
  9 hobgoblins
  6 jackals
  2 quokkas
  3 bats
  3 frilled lizards
  6 goblins
  3 kobolds (D:2)
  6 rats
60 creatures vanquished.

Notes
Turn   | Place    | Note
-------+----------+-------------------------------------------
     0 | D:1      | siradein the Ghoul Hunter began the quest for the Orb.
     0 | D:1      | Reached XP level 1. HP: 17/17 MP: 0/0
   166 | D:1      | Found a faded altar of an unknown god.
   289 | D:1      | Reached XP level 2. HP: 15/25 MP: 1/1
   864 | D:1      | Reached XP level 3. HP: 24/30 MP: 2/2
   868 | D:1      | Reached skill level 4 in Crossbows
  1174 | D:2      | Found Jaibael's Magic Scroll Boutique.
  1450 | D:2      | Reached XP level 4. HP: 26/38 MP: 3/3
  1583 | D:2      | Found Natoly's Book Boutique.
  1672 | D:2      | Found a shimmering blue altar of Sif Muna.
  1682 | D:2      | Found Futtaal's Magic Scroll Emporium.
  1700 | D:2      | Bought a scroll of identify for 26 gold pieces
  1705 | D:2      | Found Ceunaz's Book Boutique.
  2670 | D:3      | Found a radiant altar of Vehumet.
  3178 | D:4      | Reached XP level 5. HP: 23/45 MP: 4/4
  3182 | D:4      | HP: 2/45 [orc/+0 hand axe (6)]
  3182 | D:4      | Slain by an orc wizard

Illustrated notes

Levels and vault maps discovered:
D:1:      nzn_arrival_crosshair, layout_basic, ebering_ecumenical_altar_box
D:2:      layout_basic, basic_altar, serial_shops, shop,
          nicolae_shop_behind_doors, nicolae_shop_advertising_works
          [nicolae_subvault_shop_adworks], shop, grunt_ministairs_10
D:3:      layout_loops_ring, lemuel_crystal_altar
D:4:      layout_loops_ring, minivault_14

Skill      XL: |  1  2  3 |
---------------+----------+-----
Dodging        | 2 |  2.7
Crossbows      | 4 |  4.6
Fighting       | 3 |  3.3
Armour         | |  0.1
Stealth        | |  1.1

Action                   |  1- 3 |  4- 6 || total
-------------------------+-------+-------++-------
 Fire: Hand crossbow     |   105 |    98 ||   203
  Use: Scroll            |       |     6 ||     6
Armor: Ring mail         |    26 |     4 ||    30
       Leather armour    |     1 |    11 ||    12
Dodge: Dodged            |    39 |    17 ||    56

Table legend: (Time is in decaauts)
 A = Elapsed time spent in this place.
 B = Non-inter-level travel time spent in this place.
 C = Inter-level travel time spent in this place.
 D = Time resting spent in this place.
 E = Time spent auto-exploring this place.
 F = Levels seen in this place.
 G = Mean time per level.
                   A        B        C        D        E       F      G
               +--------+--------+--------+--------+--------+-----+--------+
         Total |   3254 |   3204 |     50 |    468 |   2240 |   4 |  813.5 |
       Dungeon |   3254 |   3204 |     50 |    468 |   2240 |   4 |  813.5 |
               +--------+--------+--------+--------+--------+-----+--------+

Top non-repeatable levels by time:
     D:1: 1214 daAuts
     D:2: 871 daAuts
     D:3: 823 daAuts
     D:4: 344 daAuts
